 Dungeon Crawl Stone Soup version 0.21.0-3-g78d12a8 (webtiles) character file.

51 Ignatius881 the Firebug (level 3, 0/25 HPs)
             Began as a Gnoll Fire Elementalist on Jan 10, 2018.
             Slain by a rat (2 damage)
             ... on level 2 of the Dungeon.
             The game lasted 00:04:11 (1330 turns).

Ignatius881 the Firebug (Gnoll Fire Elementalist)   Turns: 1330, Time: 00:04:11

Health: 0/25       AC:  2    Str: 10    XL:     3   Next: 81%
Magic:  0/9        EV: 14    Int: 18    God:
Gold:   37         SH:  0    Dex: 15    Spells: 9/12 levels left

rFire    . . .     SeeInvis .   d - +0 club
rCold    . . .     Gourm    .   (no shield)
rNeg     . . .     Faith    .   a - +0 robe
rPois    .         Spirit   .   k - +0 hat
rElec    .         Reflect  .   (no cloak)
rCorr    .         Harm     .   (no gloves)
MR       .....                  (no boots)
Stlth    +++.......             (no amulet)
HPRegen  0.08/turn              (no ring)
MPRegen  0.11/turn              (no ring)

@: no status effects
A: distributed training, fangs 1, strong nose
a: no special abilities


You were on level 2 of the Dungeon.
You were not hungry.

You visited 1 branch of the dungeon, and saw 2 of its levels.

You collected 37 gold pieces.

Inventory:

Hand Weapons
 d - a +0 club (weapon)
   (You took it off a kobold on level 1 of the Dungeon)
Missiles
 g - 22 stones (quivered)
 p - a throwing net {!f}
Armour
 a - a +0 robe (worn)
 f - a +0 shield
   (You found it on level 1 of the Dungeon)
 k - a +0 hat (worn)
   (You found it on level 1 of the Dungeon)
Jewellery
 n - a cursed ring of loudness {unknown}
   (You found it on level 2 of the Dungeon)
Scrolls
 j - 3 scrolls of remove curse {@r2}
 m - a scroll of fog {unknown}
Potions
 c - a potion of brilliance
 h - a potion of lignification {unknown}
 i - a potion of heal wounds {unknown}
 l - a potion of flight {unknown}
Books
 b - a book of Flames
Comestibles
 e - 3 rations
 o - a chunk of flesh


   Skills:
 + Level 0.9 Fighting
 + Level 0.9 Short Blades
 + Level 0.9 Long Blades
 + Level 0.9 Axes
 + Level 0.9 Maces & Flails
 + Level 0.9 Polearms
 + Level 0.9 Staves
 + Level 0.9 Slings
 + Level 0.9 Bows
 + Level 0.9 Crossbows
 + Level 0.9 Throwing
 + Level 0.9 Armour
 + Level 4.5 Dodging
 + Level 4.2 Stealth
 + Level 0.9 Shields
 + Level 0.9 Unarmed Combat
 + Level 5.0 Spellcasting
 + Level 2.1 Conjurations
 + Level 0.6 Hexes
 + Level 0.6 Charms
 + Level 0.6 Summonings
 + Level 0.6 Necromancy
 + Level 0.6 Translocations
 + Level 0.6 Transmutations
 + Level 5.4 Fire Magic
 + Level 0.6 Ice Magic
 + Level 0.6 Air Magic
 + Level 0.6 Earth Magic
 + Level 0.6 Poison Magic
 + Level 1.0 Invocations
 + Level 0.9 Evocations


You had 9 spell levels left.
You knew the following spells:

 Your Spells              Type           Power        Failure   Level  Hunger
a - Flame Tongue          Conj/Fire      ###..        2%          1    None
b - Throw Flame           Conj/Fire      ###...       4%          2    #......


Dungeon Overview and Level Annotations

Branches:
Dungeon (2/15)

Altars:


Innate Abilities, Weirdness & Mutations

Your experience applies equally to all skills.
You have very sharp teeth.
Your uncanny sense of smell can sniff out nearby items.


Message History

Aim: a giant cockroach (almost dead, clinging)
The flame tongue hits the giant cockroach.
The giant cockroach appears unharmed.
The adder hisses angrily.
The hobgoblin shouts!
The giant cockroach completely misses you.
Aim: a giant cockroach (almost dead, clinging)
The flame tongue hits the giant cockroach.
You kill the giant cockroach!
Aim: a hobgoblin The flame tongue hits the hobgoblin.
You kill the hobgoblin!
Your Invocations skill increases to level 1!
A rat comes into view.
Aim: an adder The flame tongue hits the adder.
Aim: an adder (lightly wounded)
The flame tongue hits the adder.
The adder completely misses you.
Aim: an adder (lightly wounded)
The flame tongue hits the adder.
You kill the adder!
Unknown command.
Aim: a hobgoblin, wielding a club The flame tongue hits the hobgoblin.
The hobgoblin closely misses you.
Aim: a hobgoblin, wielding a club (moderately wounded)
The flame tongue misses the hobgoblin.
The hobgoblin hits you with a club.
You completely miss the hobgoblin. The hobgoblin hits you with a club.
You barely miss the hobgoblin. The hobgoblin barely misses you.
The rat bites you.
You closely miss the hobgoblin. The rat closely misses you.
The hobgoblin barely misses you.
You hit the hobgoblin. The rat barely misses you. The hobgoblin misses you.
You barely miss the hobgoblin. Your bite misses the hobgoblin.
The rat misses you. The hobgoblin misses you. The rat bites you.
You closely miss the hobgoblin. The hobgoblin hits you with a club.
* * * LOW HITPOINT WARNING * * *
The rat bites you.
* * * LOW HITPOINT WARNING * * *
The hobgoblin barely misses you.
You hit the hobgoblin.
You kill the hobgoblin!
The rat barely misses you.
You completely miss the rat. The rat closely misses you. The rat misses you.
Your magical contamination has completely faded away.
You hit the rat but do no damage. The rat bites you.
* * * LOW HITPOINT WARNING * * *
Aim: a rat The flame tongue hits the rat.
The rat bites you.
* * * LOW HITPOINT WARNING * * *
You barely miss the rat. The rat bites you.
You die...

# ####### #.
....... ∆ #.
.......
#.#######.......
#.......#.......
#.......#r....).
#......>@)......
#.(.....#.......
#.......#.......
#.......#.......
....#####.#.......
#### #.#.....$.
#.#.......
#.######## +# #.#
#.##


You could see a rat.

Vanquished Creatures
  A gnoll (D:1)
  An adder (D:2)
  A leopard gecko (D:1)
  A ball python (D:1)
  A bat (D:2)
  4 giant cockroaches
  3 goblins (D:1)
  3 hobgoblins
  2 jackals (D:1)
  A frilled lizard (D:1)
  6 kobolds
  4 rats
28 creatures vanquished.

Notes
Turn   | Place    | Note
-------+----------+-------------------------------------------
     0 | D:1      | Ignatius881 the Gnoll Fire Elementalist began the quest for the Orb.
     0 | D:1      | Reached XP level 1. HP: 13/13 MP: 6/6
   164 | D:1      | Reached XP level 2. HP: 19/19 MP: 5/7
   227 | D:1      | Learned a level 2 spell: Throw Flame
   396 | D:1      | Reached XP level 3. HP: 25/25 MP: 2/9
   561 | D:1      | Reached skill level 5 in Spellcasting
  1314 | D:2      | Reached skill level 1 in Invocations
  1330 | D:2      | Slain by a rat

Skill      XL: |  1  2  3 |
---------------+----------+-----
Conjurations   | 2 |  2.1
Spellcasting   | 5 |  5.0
Invocations    | 1 |  1.0
Fighting       | |  0.9
Short Blades   | |  0.9
Long Blades    | |  0.9
Axes           | |  0.9
Maces & Flails | |  0.9
Polearms       | |  0.9
Staves         | |  0.9
Slings         | |  0.9
Bows           | |  0.9
Crossbows      | |  0.9
Throwing       | |  0.9
Armour         | |  0.9
Dodging        | |  4.5
Stealth        | |  4.2
Shields        | |  0.9
Unarmed Combat | |  0.9
Hexes          | |  0.6
Charms         | |  0.6
Summonings     | |  0.6
Necromancy     | |  0.6
Translocations | |  0.6
Transmutations | |  0.6
Fire Magic     | |  5.4
Ice Magic      | |  0.6
Air Magic      | |  0.6
Earth Magic    | |  0.6
Poison Magic   | |  0.6
Evocations     | |  0.9

Action                   || total
-------------------------++-------
Melee: Club              ||    10
 Cast: Flame Tongue      ||    34
       Throw Flame       ||    14
  Use: Scroll            ||     3
  Eat: Chunk             ||     1
Dodge: Dodged            ||    21
